[Event "28th Hit Open-A 2024"]
[Site "Nova Gorica"]
[Date "2024.01.26"]
[Round "1.1"]
[White "Berkes, Ferenc"]
[Black "Bodrogi, Bendeguz"]
[Result "1-0"]
[ECO "D31"]
[WhiteElo "2613"]
[BlackElo "2261"]
[Annotator "TA"]
[PlyCount "73"]
[EventDate "2024.01.22"]
[EventType "swiss"]
[EventCountry "SLO"]
[SourceTitle "playchess.com"]
[Source "ChessBase"]
[SourceQuality "1"]
[TimeControl "5400+30"]

1. d4 d5 2. c4 e6 3. Nc3 a6 4. cxd5 exd5 5. Nf3 h6 6. Bf4 Nf6 7. e3 Bd6 8. Be5 {[%emt 0:00:24] White has an edge.} c6 9. Bd3 O-O 10. h3 Re8 11. O-O Bxe5 12. Nxe5 c5 13. a4 Qd6 14. a5 Nc6 15. Nxc6 bxc6 16. dxc5 Qxc5 17. Qd2 Qb4 {[%emt 0:19:13] Against Na4} 18. Rfd1 c5 19. Na4 Qxd2 20. Rxd2 c4 21. Bc2 Rb8 22. Nb6 Re5 23. Rad1 {[%emt 0:09:11][%cal Oe3e4] e4! is the strong threat.} g5 {[%emt 0:04:48] [#]} ({Black should play} 23... Bb7) 24. e4 $1 $16 {[%emt 0:02:02][%mdl 512] White is more active.} d4 25. Nxc4 Rc5 26. Rxd4 {[%emt 0:00:07][%cal Bd2d4,Bd4c4,Bc4c6][%mdl 32] Threatens to win with Rd8+.} Be6 {[%emt 0:00:20] [#]} 27. b3 (27. Rd8+ Rxd8 28. Rxd8+ Kg7 $16) 27... Bxc4 28. Rxc4 (28. bxc4 Rxa5 29. Rd8+ Rxd8 30. Rxd8+ Kg7 $11) 28... Rxa5 29. Rd6 Kg7 30. Rcc6 Ra1+ (30... Ne8 $142) 31. Kh2 $18 Ne8 32. Rxh6 Rc1 (32... Nc7 $142 33. e5 Ne6 34. Rh7+ Kg8) 33. Rh5 f6 34. e5 {[%emt 0:00:52] aiming for exf6+.} Rxc2 35. Rxc2 {[%emt 0:00:36] White is winning.} Kg6 36. Rh8 Kg7 {[%emt 0:00:03] [#]} 37. Rxe8 $1 {[%emt 0:00:11] Weighted Error Value: White=0.04 (flawless) /Black=0.13 (very precise) .  Mistake:       	---       	Black=3      Inaccurate:     	White=1     	Black=3      OK:         	White=14    	Black=15     Best:        	White=2     	Black=4      Brilliant:      	White=2     	---} 1-0

[Event "28th Hit Open-A 2024"]
[Site "Nova Gorica"]
[Date "2024.01.26"]
[Round "1.2"]
[White "Herega, Nejc"]
[Black "Sebenik, Matej"]
[Result "1/2-1/2"]
[ECO "E06"]
[WhiteElo "2257"]
[BlackElo "2536"]
[Annotator "RC"]
[PlyCount "80"]
[EventDate "2024.01.22"]
[EventType "swiss"]
[EventCountry "SLO"]
[SourceTitle "playchess.com"]
[Source "ChessBase"]
[SourceQuality "1"]
[TimeControl "5400+30"]

1. d4 d5 2. c4 e6 3. Nf3 Nf6 4. g3 Be7 5. Bg2 O-O 6. O-O a5 7. Qc2 Nc6 8. a3 dxc4 9. Qxc4 a4 10. Nc3 Bd7 11. Ne5 Na5 12. Qd3 Be8 13. Bf4 Nd5 14. e4 Nxf4 15. gxf4 Bd6 16. Rad1 Ra6 17. Qg3 Rb6 18. Nd3 Rb3 19. d5 exd5 20. e5 Be7 21. f5 Kh8 22. Nc1 Rxc3 23. Qxc3 c6 24. Nd3 Nc4 25. Rfe1 b5 26. Nf4 Qb8 27. Nh5 Rg8 28. Nxg7 Rxg7 29. f6 Rxg2+ 30. Kxg2 Bf8 31. Qg3 Bd7 32. Kh1 Bf5 33. f3 Bg6 34. Re2 Qc8 35. e6 fxe6 36. Qh3 Bf5 37. Qh5 Bg6 38. Qh3 Bf5 39. Qh5 Bg6 40. Qh3 Bf5 1/2-1/2

[Event "28th Hit Open-A 2024"]
[Site "Nova Gorica"]
[Date "2024.01.26"]
[Round "1.3"]
[White "Basso, Pier Luigi"]
[Black "Djuric, Stefan"]
[Result "1-0"]
[ECO "A65"]
[WhiteElo "2482"]
[BlackElo "2220"]
[Annotator "RC"]
[PlyCount "59"]
[EventDate "2024.01.22"]
[EventType "swiss"]
[EventCountry "SLO"]
[SourceTitle "playchess.com"]
[Source "ChessBase"]
[SourceQuality "1"]
[TimeControl "5400+30"]

1. d4 Nf6 2. c4 g6 3. Nc3 Bg7 4. e4 O-O 5. f3 d6 6. Nge2 c5 7. d5 e6 8. Ng3 exd5 9. cxd5 a6 10. a4 Nbd7 11. Be2 Rb8 12. O-O Ne8 13. f4 c4 14. Bxc4 b5 15. axb5 axb5 16. Be2 b4 17. Na4 Nef6 18. Bf3 Ba6 19. Re1 Re8 20. Be3 h5 21. Bd4 h4 22. Nh1 Bb5 23. e5 dxe5 24. fxe5 Nh7 25. e6 Ndf6 26. Nc5 Ng5 27. exf7+ Kxf7 28. Ne6 Nxf3+ 29. Qxf3 Qxd5 30. Ra7+ 1-0

[Event "28th Hit Open-A 2024"]
[Site "Nova Gorica"]
[Date "2024.01.26"]
[Round "1.4"]
[White "Skrbec, Leon"]
[Black "Csonka, Balazs"]
[Result "0-1"]
[ECO "E15"]
[WhiteElo "2218"]
[BlackElo "2479"]
[Annotator "RC"]
[PlyCount "106"]
[EventDate "2024.01.22"]
[EventType "swiss"]
[EventCountry "SLO"]
[SourceTitle "playchess.com"]
[Source "ChessBase"]
[SourceQuality "1"]
[TimeControl "5400+30"]

1. d4 Nf6 2. Nf3 e6 3. c4 b6 4. g3 Ba6 5. b3 Bb4+ 6. Bd2 Be7 7. Bg2 d5 8. cxd5 exd5 9. O-O O-O 10. Nc3 Re8 11. Re1 h6 12. Qc2 Bb7 13. Bf4 c5 14. Rad1 Nc6 15. Be5 cxd4 16. Bxd4 Nxd4 17. Nxd4 Bb4 18. Qb2 Rc8 19. Ndb5 Qe7 20. a3 Bc5 21. e3 d4 22. exd4 Qxe1+ 23. Rxe1 Rxe1+ 24. Bf1 Bf8 25. Qd2 Rce8 26. d5 Ra1 27. Kg2 Ree1 28. Bc4 Rg1+ 29. Kf3 a6 30. Nd4 b5 31. Nc2 bxc4 32. bxc4 Rac1 33. Ne3 Bc5 34. Ned1 Rgxd1 35. Nxd1 Rxc4 36. Ne3 Bxe3 37. Kxe3 Re4+ 38. Kd3 Bxd5 39. Qa5 Bc4+ 40. Kc2 Bb5 41. f3 Re2+ 42. Kb3 Rxh2 43. a4 Be2 44. Qf5 Rf2 45. f4 Rf3+ 46. Kb4 Rxg3 47. Qc8+ Kh7 48. Qf5+ Kg8 49. Qc8+ Kh7 50. Qf5+ Rg6 51. Ka5 Bg4 52. Qd3 Nh5 53. f5 Rf6 0-1

[Event "28th Hit Open-A 2024"]
[Site "Nova Gorica"]
[Date "2024.01.26"]
[Round "1.5"]
[White "Beliavsky, Alexander G"]
[Black "Gregoric, Andraz"]
[Result "1-0"]
[ECO "E16"]
[WhiteElo "2475"]
[BlackElo "2217"]
[Annotator "RC"]
[PlyCount "91"]
[EventDate "2024.01.22"]
[EventType "swiss"]
[EventCountry "SLO"]
[SourceTitle "playchess.com"]
[Source "ChessBase"]
[SourceQuality "1"]
[TimeControl "5400+30"]

1. d4 Nf6 2. c4 e6 3. Nf3 Bb4+ 4. Bd2 a5 5. g3 b6 6. Bg2 Bb7 7. O-O O-O 8. Bf4 Be7 9. Nc3 Ne4 10. Rc1 d6 11. Qd3 Nxc3 12. Rxc3 Nd7 13. e4 c5 14. d5 exd5 15. exd5 Nf6 16. a4 Bc8 17. h3 Nh5 18. Bc1 f5 19. Rc2 Bf6 20. Re2 Re8 21. Ng5 Rxe2 22. Qxe2 g6 23. Ne6 Qe7 24. Re1 Bd7 25. g4 Ng7 26. g5 Be5 27. f4 Bxe6 28. fxe5 Bd7 29. exd6 Qxe2 30. Rxe2 Re8 31. Re7 Bxa4 32. b3 Rxe7 33. dxe7 Bd7 34. Bf4 Kf7 35. Bc7 b5 36. Bd6 a4 37. bxa4 bxc4 38. a5 Bb5 39. Bxc5 c3 40. Bf1 Bxf1 41. Kxf1 c2 42. Ba3 Ne8 43. a6 Nc7 44. a7 c1=Q+ 45. Bxc1 Kxe7 46. d6+ 1-0

[Event "28th Hit Open-A 2024"]
[Site "Nova Gorica"]
[Date "2024.01.26"]
[Round "1.6"]
[White "Zupancic, Jernej"]
[Black "Doric, Darko"]
[Result "0-1"]
[ECO "D30"]
[WhiteElo "2211"]
[BlackElo "2456"]
[Annotator "RC"]
[PlyCount "74"]
[EventDate "2024.01.22"]
[EventType "swiss"]
[EventCountry "SLO"]
[SourceTitle "playchess.com"]
[Source "ChessBase"]
[SourceQuality "1"]
[TimeControl "5400+30"]

1. d4 d5 2. c4 e6 3. Nf3 c6 4. g3 dxc4 5. Bg2 b5 6. O-O Bb7 7. a4 Nf6 8. Nc3 a6 9. Qc2 Nbd7 10. Rd1 Be7 11. e4 O-O 12. Ne5 Qc7 13. Bf4 Nxe5 14. Bxe5 Qb6 15. Rd2 Rad8 16. Rad1 Ng4 17. Bf4 c5 18. d5 e5 19. h3 exf4 20. hxg4 fxg3 21. f4 b4 22. Ne2 c3 23. bxc3 c4+ 24. Rd4 b3 25. Qb2 Bc5 26. Nxg3 a5 27. Bf3 Qc7 28. Ne2 f6 29. Kg2 Bxd4 30. Rxd4 Rfe8 31. Qa3 Qd6 32. Qxd6 Rxd6 33. Rd2 Rb6 34. Rb2 Bc8 35. Nd4 Bd7 36. Be2 Rxe4 37. Kf3 Rxd4 0-1

[Event "28th Hit Open-A 2024"]
[Site "Nova Gorica"]
[Date "2024.01.26"]
[Round "1.7"]
[White "Ceres, Dragos"]
[Black "Marchesich, Giovanni"]
[Result "1-0"]
[ECO "B13"]
[WhiteElo "2438"]
[BlackElo "2210"]
[Annotator "RC"]
[PlyCount "95"]
[EventDate "2024.01.22"]
[EventType "swiss"]
[EventCountry "SLO"]
[SourceTitle "playchess.com"]
[Source "ChessBase"]
[SourceQuality "1"]
[TimeControl "5400+30"]

1. e4 c6 2. d4 d5 3. exd5 cxd5 4. Bd3 Nf6 5. h3 Nc6 6. c3 g6 7. Nf3 Bf5 8. O-O Bxd3 9. Qxd3 Qc7 10. Re1 e6 11. Be3 Bg7 12. Nbd2 O-O 13. g3 Nh5 14. Nf1 Rae8 15. Re2 f5 16. Bd2 h6 17. Rae1 Qf7 18. b4 Kh7 19. Kg2 Qg8 20. h4 Nf6 21. Bf4 Ne4 22. N1d2 Bf6 23. Rh1 Qg7 24. b5 Na5 25. Qe3 Rc8 26. Nxe4 fxe4 27. Ng5+ Bxg5 28. hxg5 h5 29. f3 Nc4 30. Qf2 e5 31. dxe5 Nxe5 32. fxe4 Nd3 33. Qd4 Qxd4 34. cxd4 Rxf4 35. gxf4 Nxf4+ 36. Kf3 Nxe2 37. Kxe2 dxe4 38. Ke3 Re8 39. Rc1 Re7 40. d5 Kg8 41. Kd4 Kf7 42. d6 Rd7 43. Kd5 e3 44. Rc3 Ke8 45. Rxe3+ Kd8 46. Ke6 Rh7 47. Rf3 Rh8 48. d7 1-0

[Event "28th Hit Open-A 2024"]
[Site "Nova Gorica"]
[Date "2024.01.26"]
[Round "1.8"]
[White "Garsky, Vladyslav"]
[Black "Cvitan, Ognjen"]
[Result "1/2-1/2"]
[ECO "B52"]
[WhiteElo "2186"]
[BlackElo "2422"]
[Annotator "RC"]
[PlyCount "32"]
[EventDate "2024.01.22"]
[EventType "swiss"]
[EventCountry "SLO"]
[SourceTitle "playchess.com"]
[Source "ChessBase"]
[SourceQuality "1"]
[TimeControl "5400+30"]

1. e4 c5 2. Nf3 d6 3. Bb5+ Bd7 4. Bxd7+ Qxd7 5. c4 Nf6 6. Nc3 g6 7. O-O Bg7 8. d4 cxd4 9. Nxd4 Nc6 10. Nde2 O-O 11. f3 a6 12. Be3 Qc7 13. Rc1 Qa5 14. Qd2 Rfc8 15. Rfd1 Nd7 16. b3 Kf8 1/2-1/2

[Event "28th Hit Open-A 2024"]
[Site "Nova Gorica"]
[Date "2024.01.26"]
[Round "1.9"]
[White "Fercec, Nenad"]
[Black "Ceschia, Ivano"]
[Result "1/2-1/2"]
[ECO "B33"]
[WhiteElo "2410"]
[BlackElo "2183"]
[Annotator "RC"]
[PlyCount "60"]
[EventDate "2024.01.22"]
[EventType "swiss"]
[EventCountry "SLO"]
[SourceTitle "playchess.com"]
[Source "ChessBase"]
[SourceQuality "1"]
[TimeControl "5400+30"]

1. e4 c5 2. Nf3 Nc6 3. d4 cxd4 4. Nxd4 Qb6 5. Nb3 Nf6 6. Nc3 e6 7. Bd3 Bb4 8. O-O O-O 9. Bg5 Be7 10. Kh1 d5 11. exd5 Nxd5 12. Nxd5 exd5 13. Bxe7 Nxe7 14. Qh5 g6 15. Qe5 Nc6 16. Qxd5 Nb4 17. Qc5 Nxd3 18. cxd3 Be6 19. Rfc1 Bxb3 20. axb3 Qxb3 21. Rxa7 Qxb2 22. Rxa8 Rxa8 23. h4 Ra2 24. Kg1 h5 25. Rc4 Ra1+ 26. Kh2 Qf6 27. Qd4 Qxd4 28. Rxd4 b5 29. Rb4 Ra3 30. d4 Ra4 1/2-1/2

[Event "28th Hit Open-A 2024"]
[Site "Nova Gorica"]
[Date "2024.01.26"]
[Round "1.10"]
[White "Siraj, Svit"]
[Black "Karacsonyi, Gellert"]
[Result "0-1"]
[ECO "C49"]
[WhiteElo "2182"]
[BlackElo "2398"]
[Annotator "RC"]
[PlyCount "64"]
[EventDate "2024.01.22"]
[EventType "swiss"]
[EventCountry "SLO"]
[SourceTitle "playchess.com"]
[Source "ChessBase"]
[SourceQuality "1"]
[TimeControl "5400+30"]

1. e4 e5 2. Nf3 Nc6 3. Nc3 Nf6 4. Bb5 Bb4 5. O-O O-O 6. d3 Bxc3 7. bxc3 d6 8. h3 a6 9. Ba4 Ne7 10. Re1 Ng6 11. Bb3 Qe7 12. a4 Be6 13. Ba3 Rfe8 14. d4 Bxb3 15. cxb3 Qe6 16. c4 Nf4 17. Ng5 Qd7 18. dxe5 Rxe5 19. Qd2 N6h5 20. Nf3 Re6 21. Kh1 Rae8 22. e5 Rg6 23. exd6 Rxe1+ 24. Rxe1 Rxg2 25. Re8+ Qxe8 26. d7 Qd8 27. Qd4 Rxf2 28. Qxf2 Qxd7 29. h4 Qh3+ 30. Kg1 Ng3 31. Qd2 Qh1+ 32. Kf2 Ne4+ 0-1

[Event "28th Hit Open-A 2024"]
[Site "Nova Gorica"]
[Date "2024.01.26"]
[Round "1.11"]
[White "Kulkarni Bhakti"]
[Black "Kozlovic, Jernej"]
[Result "1-0"]
[ECO "A11"]
[WhiteElo "2364"]
[BlackElo "2174"]
[Annotator "ChessBase"]
[PlyCount "135"]
[EventDate "2024.01.22"]
[EventType "swiss"]
[EventCountry "SLO"]
[SourceTitle "playchess.com"]
[Source "ChessBase"]
[SourceQuality "1"]
[TimeControl "5400+30"]

1. Nf3 d5 2. g3 Bg4 3. Bg2 e6 4. c4 c6 5. d3 dxc4 6. dxc4 Qxd1+ 7. Kxd1 Nd7 8. h3 Bxf3 9. exf3 O-O-O 10. Ke2 Bc5 11. Be3 Ne7 12. Rd1 Bb6 13. Nc3 Nf5 14. Ne4 Nf6 15. Bg5 Rxd1 16. Rxd1 Nd4+ 17. Kf1 Nxe4 18. fxe4 f6 19. Be3 Rd8 20. h4 Kc7 21. Bh3 e5 22. h5 Rd6 23. Rc1 Bc5 24. Bg4 a5 25. Kg2 Kb6 26. Rc3 Ne6 27. Rb3+ Ka6 28. Bxe6 Bxe3 29. Rxe3 Rxe6 30. Rd3 Re7 31. h6 gxh6 32. Kh3 h5 33. Kh4 Kb6 34. Kxh5 Kc5 35. b3 Rg7 36. Kh6 Rf7 37. Kh5 Rg7 38. Rd8 a4 39. Kh6 Rg4 40. Rd7 axb3 41. axb3 Rxe4 42. Rf7 Rd4 43. Rxf6 Rd3 44. Kxh7 Rxb3 45. g4 Kxc4 46. g5 Rh3+ 47. Rh6 Rf3 48. Rf6 Rh3+ 49. Kg8 Kd5 50. g6 Rh6 51. Kg7 Rh1 52. Kf7 b5 53. g7 Rh7 54. Kg6 Rxg7+ 55. Kxg7 b4 56. Rf8 c5 57. Rb8 e4 58. Kf6 Kd4 59. Kf5 e3 60. Rd8+ Kc3 61. fxe3 c4 62. Ke4 b3 63. Kd5 Kd3 64. Kc5+ Kc3 65. Rd4 b2 66. Rxc4+ Kd3 67. Rb4 Kc2 68. e4 1-0

[Event "28th Hit Open-A 2024"]
[Site "Nova Gorica"]
[Date "2024.01.26"]
[Round "1.12"]
[White "Caruso, Augusto"]
[Black "Davies, Nigel R"]
[Result "0-1"]
[ECO "C41"]
[WhiteElo "2159"]
[BlackElo "2349"]
[Annotator "ChessBase"]
[PlyCount "134"]
[EventDate "2024.01.22"]
[EventType "swiss"]
[EventCountry "SLO"]
[SourceTitle "playchess.com"]
[Source "ChessBase"]
[SourceQuality "1"]
[TimeControl "5400+30"]

1. e4 d6 2. d4 Nf6 3. Nc3 e5 4. Nf3 Nbd7 5. Bc4 Be7 6. Rg1 O-O 7. g4 Nb6 8. Bb3 Nxg4 9. dxe5 dxe5 10. Qxd8 Rxd8 11. h3 Nf6 12. Ng5 Rf8 13. Be3 Nfd7 14. O-O-O c6 15. Rg3 g6 16. Nf3 Kg7 17. h4 Nc5 18. h5 Nxb3+ 19. axb3 f6 20. hxg6 hxg6 21. Rdg1 g5 22. Ne2 Rh8 23. Nxg5 fxg5 24. Bxg5 Kf7 25. Rf3+ Ke8 26. Bxe7 Kxe7 27. Rg7+ Kd8 28. Rff7 Be6 29. Re7 Re8 30. Rxe8+ Kxe8 31. f4 Nd7 32. f5 Bf7 33. Ng1 Ke7 34. Nf3 Rg8 35. Rh7 Rg4 36. Kd2 Kf6 37. Ke3 Rg2 38. Rh6+ Kg7 39. Rd6 Nf6 40. Nxe5 Rxc2 41. Nd7 Ne8 42. f6+ Kg8 43. Rd1 Be6 44. Ne5 Nxf6 45. Rd6 Ng4+ 46. Nxg4 Bxg4 47. Rg6+ Kf7 48. Rxg4 Rxb2 49. Rf4+ Ke6 50. Rh4 Rxb3+ 51. Kf4 a5 52. Rh6+ Ke7 53. Kf5 a4 54. Rh7+ Kd6 55. e5+ Kc5 56. e6 b5 57. Ra7 Re3 58. Kf6 a3 59. Ra8 b4 60. e7 Kc4 61. Ra6 Kb5 62. Ra8 c5 63. Kf7 c4 64. Rb8+ Ka4 65. Rb6 Rxe7+ 66. Kxe7 c3 67. Kd6 c2 0-1

[Event "28th Hit Open-A 2024"]
[Site "Nova Gorica"]
[Date "2024.01.26"]
[Round "1.13"]
[White "Gaal, Zsoka"]
[Black "Szegedy, Matyas"]
[Result "1/2-1/2"]
[ECO "A77"]
[WhiteElo "2341"]
[BlackElo "2129"]
[Annotator "ChessBase"]
[PlyCount "104"]
[EventDate "2024.01.22"]
[EventType "swiss"]
[EventCountry "SLO"]
[SourceTitle "playchess.com"]
[Source "ChessBase"]
[SourceQuality "1"]
[TimeControl "5400+30"]

1. d4 Nf6 2. c4 c5 3. d5 e6 4. Nc3 exd5 5. cxd5 d6 6. Nf3 g6 7. Nd2 Bg7 8. e4 O-O 9. Be2 Re8 10. O-O b6 11. a4 Na6 12. Bb5 Re7 13. f3 Nb4 14. Na2 Nxa2 15. Rxa2 Bd7 16. Nc4 a6 17. Bxd7 Nxd7 18. b3 b5 19. axb5 axb5 20. Rxa8 Qxa8 21. Na3 b4 22. Nc4 Ne5 23. Ne3 Qa6 24. Kh1 Nd3 25. Qe2 Ra7 26. f4 h5 27. h3 Nxc1 28. Qxa6 Rxa6 29. Rxc1 Bh6 30. g3 h4 31. Kg2 Ra2+ 32. Rc2 Ra3 33. e5 dxe5 34. Ng4 Bf8 35. fxe5 Rxb3 36. d6 Rd3 37. Rxc5 b3 38. gxh4 f5 39. Nf2 Rd2 40. Rb5 b2 41. Kf1 Kf7 42. Ke1 Rd4 43. Rxb2 Rd5 44. Rd2 Rxe5+ 45. Kd1 Ke8 46. Nd3 Rd5 47. Nf4 Rxd2+ 48. Kxd2 Bh6 49. Ke3 Kd7 50. Kf3 Bxf4 51. Kxf4 Kxd6 52. h5 gxh5 1/2-1/2

[Event "28th Hit Open-A 2024"]
[Site "Nova Gorica"]
[Date "2024.01.26"]
[Round "1.14"]
[White "Hrescak, Ivana"]
[Black "Goroshkov, Maksym"]
[Result "0-1"]
[ECO "E85"]
[WhiteElo "2117"]
[BlackElo "2338"]
[Annotator "RC"]
[PlyCount "112"]
[EventDate "2024.01.22"]
[EventType "swiss"]
[EventCountry "SLO"]
[SourceTitle "playchess.com"]
[Source "ChessBase"]
[SourceQuality "1"]
[TimeControl "5400+30"]

1. d4 Nf6 2. c4 g6 3. Nc3 Bg7 4. e4 d6 5. f3 O-O 6. Be3 e5 7. Nge2 exd4 8. Nxd4 Nc6 9. Be2 Nh5 10. O-O Nf4 11. Nxc6 Nxe2+ 12. Nxe2 bxc6 13. Bd4 f6 14. Rc1 Be6 15. Qa4 Qe8 16. Qa3 c5 17. Bf2 f5 18. exf5 Bxc4 19. Rxc4 Qxe2 20. Re4 Qxb2 21. Qxb2 Bxb2 22. fxg6 hxg6 23. Re7 Rf7 24. Re2 Bf6 25. Rb1 c4 26. Rd2 Be5 27. Bd4 Re8 28. Rbd1 a5 29. Kf2 Rf5 30. g4 Rf7 31. Bxe5 Rxe5 32. Rd5 Rfe7 33. Rxe5 Rxe5 34. Rd4 Rc5 35. Ke2 c3 36. Kd1 c2+ 37. Kc1 Rc3 38. Rd2 Rxf3 39. Rxc2 c5 40. Rd2 Rf6 41. g5 Re6 42. Rf2 d5 43. Kd2 Re5 44. h4 Rf5 45. Rh2 Kf7 46. Ke3 Re5+ 47. Kd3 Re4 48. Rf2+ Ke6 49. Rf6+ Ke5 50. Rxg6 Rxh4 51. Ra6 Rh3+ 52. Kc2 Rg3 53. Rxa5 Kd4 54. Ra8 Rxg5 55. Rh8 Rg2+ 56. Kb1 Kc4 0-1

[Event "28th Hit Open-A 2024"]
[Site "Nova Gorica"]
[Date "2024.01.26"]
[Round "1.15"]
[White "Ongut, Tamas Gunes"]
[Black "Centrih, Aleks"]
[Result "1-0"]
[ECO "E73"]
[WhiteElo "2310"]
[BlackElo "2082"]
[Annotator "RC"]
[PlyCount "111"]
[EventDate "2024.01.22"]
[EventType "swiss"]
[EventCountry "SLO"]
[SourceTitle "playchess.com"]
[Source "ChessBase"]
[SourceQuality "1"]
[TimeControl "5400+30"]

1. d4 Nf6 2. c4 g6 3. Nc3 Bg7 4. e4 d6 5. Be2 O-O 6. Be3 c5 7. d5 e6 8. Nf3 exd5 9. cxd5 b5 10. e5 dxe5 11. Bxc5 Re8 12. Bxb5 Nbd7 13. Be3 Ng4 14. O-O Nxe3 15. fxe3 Rb8 16. Qd2 Rf8 17. Rac1 Qb6 18. b3 e4 19. Nd4 Ne5 20. Nxe4 Ng4 21. Bc6 Nxe3 22. Nf6+ Bxf6 23. Rxf6 Nf5 24. Rc4 Qd8 25. Rxf5 Bxf5 26. Nxf5 gxf5 27. Qh6 Qe7 28. h3 Qe1+ 29. Kh2 Qe5+ 30. Kg1 Qe1+ 31. Kh2 Qe5+ 32. Qf4 f6 33. Ra4 Rf7 34. d6 Kf8 35. d7 Ke7 36. g3 Qxf4 37. Rxf4 Kd6 38. Ba4 Ke5 39. Rc4 Kd6 40. Rc8 Rf8 41. Re8 Rd8 42. Kg2 Kc7 43. Kf3 Rf7 44. Kf4 Rg7 45. Re6 Rg6 46. Ra6 Kb7 47. Ra5 Rg5 48. Rc5 h6 49. b4 a6 50. Rxf5 Rxf5+ 51. Kxf5 Kc7 52. Kxf6 Rg8 53. g4 Rb8 54. Ke7 Rg8 55. Bb3 Rg7+ 56. Bf7 1-0

[Event "28th Hit Open-A 2024"]
[Site "Nova Gorica"]
[Date "2024.01.26"]
[Round "1.16"]
[White "Mestek, Igor"]
[Black "Lavrencic, Matic"]
[Result "0-1"]
[ECO "B33"]
[WhiteElo "2080"]
[BlackElo "2299"]
[Annotator "RC"]
[PlyCount "128"]
[EventDate "2024.01.22"]
[EventType "swiss"]
[EventCountry "SLO"]
[SourceTitle "playchess.com"]
[Source "ChessBase"]
[SourceQuality "1"]
[TimeControl "5400+30"]

1. e4 c5 2. Nf3 Nc6 3. d4 cxd4 4. Nxd4 e5 5. Nxc6 bxc6 6. Bd3 Nf6 7. O-O Bc5 8. Nc3 O-O 9. Na4 Be7 10. c4 d6 11. b3 Be6 12. Bb2 Nd7 13. Qe2 Qc7 14. Rad1 Rad8 15. Bb1 g6 16. Ba3 Nb6 17. Nc3 a5 18. Qe3 a4 19. Bc2 axb3 20. axb3 Ra8 21. Bxd6 Bxd6 22. c5 Bxc5 23. Qxc5 Nd7 24. Qe3 Rfb8 25. Na4 Ra5 26. Rd3 Rab5 27. Rfd1 Nf8 28. h3 Qa5 29. Rc3 Qc7 30. Rcd3 Rb4 31. Rc3 Nd7 32. Qg5 Rd4 33. Qe7 Rxd1+ 34. Bxd1 Qa5 35. Qd6 Rc8 36. b4 Qb5 37. Bg4 Qxa4 38. Bxe6 Qa1+ 39. Kh2 Qxc3 40. Bxf7+ Kg7 41. Qxd7 Rf8 42. Bd5+ Kh6 43. Qxc6 Qxc6 44. Bxc6 Rxf2 45. b5 Rb2 46. h4 Kg7 47. Kh3 Rb3+ 48. g3 Kf6 49. Kg4 Ke7 50. h5 gxh5+ 51. Kh4 Kd6 52. Be8 Kc5 53. Bd7 Kd4 54. Bc6 Kc5 55. Be8 Kb6 56. Bd7 Rd3 57. Bc6 Re3 58. Kh3 Re1 59. Kg2 Kc5 60. Kh2 Rb1 61. Be8 Rxb5 62. Bxh5 Kd4 63. Bf3 Ke3 64. Bd1 Rb2+ 0-1

[Event "28th Hit Open-A 2024"]
[Site "Nova Gorica"]
[Date "2024.01.26"]
[Round "1.17"]
[White "Stevanic, David"]
[Black "Debevec, Blaz"]
[Result "1-0"]
[ECO "B30"]
[WhiteElo "2294"]
[BlackElo "2077"]
[Annotator "RC"]
[PlyCount "45"]
[EventDate "2024.01.22"]
[EventType "swiss"]
[EventCountry "SLO"]
[SourceTitle "playchess.com"]
[Source "ChessBase"]
[SourceQuality "1"]
[TimeControl "5400+30"]

1. e4 c5 2. Nf3 Nc6 3. Bb5 e6 4. O-O Nge7 5. Re1 a6 6. Bf1 d5 7. exd5 Nxd5 8. d4 cxd4 9. Nxd4 Bc5 10. Nxc6 bxc6 11. c4 Ne7 12. Qf3 O-O 13. Nc3 Bb7 14. Ne4 Bd4 15. c5 Rb8 16. Rd1 e5 17. Be3 Qd5 18. Rac1 Qxa2 19. Bc4 Qxb2 20. Bxd4 exd4 21. Rb1 Qc2 22. Bb3 d3 23. Re1 1-0

[Event "28th Hit Open-A 2024"]
[Site "Nova Gorica"]
[Date "2024.01.26"]
[Round "1.18"]
[White "Markocic, Tine"]
[Black "Furlan, Miha"]
[Result "0-1"]
[ECO "C19"]
[WhiteElo "2055"]
[BlackElo "2287"]
[Annotator "TA"]
[PlyCount "90"]
[EventDate "2024.01.22"]
[EventType "swiss"]
[EventCountry "SLO"]
[SourceTitle "playchess.com"]
[Source "ChessBase"]
[SourceQuality "1"]
[TimeControl "5400+30"]

1. e4 e6 2. d4 d5 3. Nc3 Bb4 4. e5 c5 5. a3 Bxc3+ 6. bxc3 Ne7 7. Nf3 b6 8. Bb5+ Bd7 9. a4 Bxb5 10. axb5 Qd7 11. dxc5 {[%emt 0:06:11] Strongly threatening c6.} bxc5 {[%emt 0:03:23] [#] Black is weak on the dark squares} 12. c4 $1 dxc4 13. b6 (13. O-O $11 {keeps the balance.}) 13... Qb7 $17 14. Qd6 (14. bxa7 $17 Rxa7 15. Rxa7 Qxa7 16. Nd2) 14... Nd7 ({Black should try} 14... axb6 $19 15. Rxa8 Qxa8 16. Qxb6 Nd7) 15. Rxa7 Rxa7 16. bxa7 Qxa7 17. O-O Qb6 (17... Nf5 $15 18. Qc6 O-O) 18. Nd2 Qxd6 19. exd6 c3 20. Nc4 (20. Ne4 $15 Nd5 21. Be3) 20... Nf5 21. Be3 O-O 22. Rd1 {[%emt 0:07:37] Inhibits Nd4.} (22. f4 $15 {is superior.}) 22... Ra8 {[%emt 0:03:05] And now ...Ra4 would win.} 23. g4 Nxe3 24. Nxe3 {[%emt 0:00:28][%mdl 4096] Endgame. KRN-KRN} Ra6 25. Rd3 f6 26. Nc4 e5 27. Rxc3 Kf7 28. Rd3 Ra4 29. Ne3 Rd4 30. f3 {[%emt 0:00:30] [#]} (30. Ra3 $11 {remains equal.}) 30... Rxd3 $1 31. cxd3 {[%emt 0:00:05] KN-KN} Nb6 32. Nf5 ({Avoid the trap} 32. Nc4 $2 Nxc4 33. dxc4 Ke6 $19) 32... g6 33. Ng3 Ke6 34. Ne4 Nd7 35. Kf2 h6 36. h4 f5 37. Ng3 {[%emt 0:00:10] [#]} (37. Nd2 $17) 37... Nf6 $1 $19 (37... Kxd6 38. gxf5 Nf8 39. Ke3 $11) 38. gxf5+ (38. Kg2 {was worth a try.}) 38... gxf5 (38... Kxd6 $2 {too greedy.} 39. fxg6 Ke6 40. h5 $18) 39. f4 $2 (39. Kg1) 39... exf4 40. Ne2 Nd5 (40... Kxd6 $2 41. Nxf4 Nd5 42. Ng6 $19) 41. Ng1 $2 (41. Kf3 Kxd6 42. Nc1) 41... Kxd6 42. Nf3 Nb4 43. Ke2 Nc6 {[%emt 0:00:23] Hoping for ...Nd4+.} 44. Kd2 Nd4 45. Ne1 f3 {[%emt 0:00:51] Against Ng2.   Weighted Error Value: White=0.69/Black=0.16 (very precise) .  Mistake:       	White=9     	Black=2      Inaccurate:     	White=3     	Black=4      OK:         	White=10    	Black=10     Best:        	White=2     	Black=5      Strong:       	---       	Black=2} 0-1